 Dungeon Crawl Stone Soup version 0.30.1-3-gfc49f6343a (webtiles) character file.

Game seed: 250193331392478974

228 Peloso the Trooper (level 5, 0/42 HPs)
             Began as a Demonspawn Fighter on July 26, 2023.
             Slain by a jackal (3 damage)
             ... on level 4 of the Dungeon.
             The game lasted 00:03:56 (2034 turns).

Peloso the Trooper (Demonspawn Fighter)             Turns: 2034, Time: 00:03:57

Health: 0/42       AC: 11    Str: 18    XL:     5   Next: 70%
Magic:  5/5        EV:  5    Int:  9    God:
Gold:   112        SH:  5    Dex: 13    Spells: 4/4 levels left

rFire   . . .        a - +0 long sword
rCold   . . .        c - +0 buckler
rNeg    . . .        u - +0 plate armour
rPois   .            (no helmet)
rElec   .            (no cloak)
rCorr   .            (gloves unavailable)
SInv    .            (no boots)
Will    .....        (no amulet) Stlth
                     (no ring)
HPRegen 0.27/turn    (no ring)
MPRegen 0.18/turn

%: no passive effects
@: no status effects
A: magic regeneration, demonic touch 3
a: no special abilities


You were on level 4 of the Dungeon.
You visited 1 branch of the dungeon, and saw 4 of its levels.

You collected 112 gold pieces.

Inventory:

Hand Weapons
 a - a +0 long sword (weapon)
Armour
 b - a +0 scale mail
 c - a +0 buckler (worn)
 i - a +0 pair of gloves
 u - a +0 plate armour (worn)
Jewellery
 j - a ring of see invisible
Scrolls
 e - a scroll of magic mapping {unknown}
 g - a scroll of summoning
 h - a scroll of noise {unknown}
 k - a scroll of vulnerability {unknown}
 o - a scroll of teleportation {unknown}
 p - a scroll of enchant weapon {unknown}
 s - a scroll of identify
 t - 2 scrolls of amnesia {unknown}
Potions
 d - 3 potions of might
 f - a potion of mutation {unknown}
 l - a potion of haste {unknown}
 m - 2 potions of invisibility {unknown}
 n - a potion of cancellation {unknown}
 q - a potion of heal wounds {unknown}
 r - 2 potions of curing {unknown}


   Skills:
 + Level 3.7 Fighting
 + Level 3.5 Long Blades
 + Level 3.6 Armour
 + Level 0.5 Dodging
 + Level 0.3 Stealth
 + Level 3.5 Shields


You had 4 spell levels left.
You didn't know any spells.
Your spell library contained the following spells:

 Spells                   Type           Power      Damage    Failure   Level
 Freeze                   Ice            0%         1d3       100%        1
 Frozen Ramparts          Ice            0%         1d1       100%        3
 Hailstorm                Conj/Ice       0%         3d3       100%        3


Dungeon Overview and Level Annotations

Branches:
Dungeon (4/15)
 Temple: D:4-7

Altars:

Annotations:
D:2 dig


Innate Abilities, Weirdness & Mutations

You regenerate magic rapidly.
Your touch may irresistibly damage your foes and sap their willpower.


Message History

The hobgoblin hits you.
The jackal bites you but does no damage.
Unknown command.
You completely miss the ogre.
The ogre is heavily wounded.
The jackal barely misses you. The ogre hits you with a +0 giant club!
* * * LOW HITPOINT WARNING * * *
You block the jackal's attack.
The hobgoblin hits you but does no damage.
The jackal barely misses you.
You slash the ogre!
The ogre is severely wounded.
You block the jackal's attack. The jackal barely misses you.
You block the ogre's attack. The hobgoblin hits you.
* * * LOW HITPOINT WARNING * * *
The jackal bites you but does no damage. x2
Unknown command.
You slash the ogre!
You kill the ogre!
The jackal barely misses you. The hobgoblin barely misses you.
The jackal bites you but does no damage. x2
The hobgoblin hits you but does no damage.
Unknown command.
You barely miss the hobgoblin.
The jackal bites you but does no damage.
The jackal barely misses you. You block the jackal's attack.
The hobgoblin hits you but does no damage.
The jackal bites you but does no damage.
Unknown command.
You hit the hobgoblin but do no damage.
The jackal bites you but does no damage.
The jackal bites you.
* * * LOW HITPOINT WARNING * * *
The hobgoblin barely misses you.
The jackal bites you but does no damage.
Unknown command.
You closely miss the hobgoblin.
The jackal bites you but does no damage.
The jackal bites you.
You die...

........†.........
...######..########
.. ##..##
####..#########
#..............
#..............
#..............
#....?hh....:..
#......@)......
#.......g....?.
#..............
#............!.
#..............
#..............
###############


You could see 2 jackals and a hobgoblin.

Vanquished Creatures
  An ogre (D:4)
  A phantom (D:4)
  2 adders
  2 worms
  3 dart slugs
  5 ball pythons
  An endoplasm (D:3)
  4 giant cockroaches
  4 hobgoblins
  5 jackals
  A quokka (D:1)
  A frilled lizard (D:1)
  4 goblins
  6 kobolds
  4 rats
44 creatures vanquished.

Notes
Turn   | Place    | Note
-------+----------+-------------------------------------------
     0 | D:1      | Peloso the Demonspawn Fighter began the quest for the Orb.
     0 | D:1      | Reached XP level 1. HP: 18/18 MP: 1/1
   325 | D:1      | Gained mutation: Your touch may inflict minor irresistible
                  | damage on your foes. [demonic ancestry]
   325 | D:1      | Reached XP level 2. HP: 19/24 MP: 2/2
   737 | D:2      | Found a faded altar of an unknown god.
  1195 | D:3      | Gained mutation: Your touch may inflict irresistible damage
                  | on your foes. [demonic ancestry]
  1195 | D:3      | Reached XP level 3. HP: 27/29 MP: 3/3
  1817 | D:4      | Gained mutation: You regenerate magic rapidly. [demonic
                  | ancestry]
  1817 | D:4      | Reached XP level 4. HP: 7/35 MP: 4/4
  1937 | D:4      | Noticed a phantom
  1961 | D:4      | Killed a phantom
  1962 | D:4      | Gained mutation: Your touch may irresistibly damage your
                  | foes and sap their willpower. [demonic ancestry]
  1962 | D:4      | Reached XP level 5. HP: 27/41 MP: 5/5
  2020 | D:4      | Noticed an ogre
  2031 | D:4      | Killed an ogre
  2033 | D:4      | HP: 2/42 [jackal (2)]
  2034 | D:4      | Slain by a jackal

Illustrated notes

Levels and vault maps discovered:
D:1:      onia_arrival_pentagram, layout_loops_ring
D:2:      layout_rooms, shapermc_ecumenical_altar_venn, lightli_corner_chamber
D:3:      layout_basic
D:4:      layout_basic, nicolae_overflows_in_rows,
          gammafunk_temple_overflow_forgotten

Skill      XL: |  1  2  3  4 |
---------------+-------------+-----
Shields        | 3 |  3.5
Long Blades    | 2 3 |  3.5
Armour         | 3 |  3.6
Fighting       | |  3.7
Dodging        | |  0.5
Stealth        | |  0.3

Action                     |  1- 3 |  4- 6 || total
---------------------------+-------+-------++-------
  Melee: Long sword        |   167 |    36 ||   203
    Use: Scroll            |     2 |       ||     2
 Armour: Scale mail        |    68 |       ||    68
         Plate armour      |    27 |    44 ||    71
  Dodge: Dodged            |    67 |    19 ||    86
  Block: Buckler           |    32 |    14 ||    46
